 Dungeon Crawl Stone Soup version 0.28-a0-313-gbc0475efdd (webtiles) character file.

Game seed: 11920112171428903980

3397 robertstho the Covert (level 10, -10/68 HPs)
             Began as an Octopode Fire Elementalist on Aug 31, 2021.
             Was an Initiate of Gozag.
             Mangled by Harold (18 damage)
             ... on level 8 of the Dungeon.
             The game lasted 00:15:25 (9256 turns).

robertstho the Covert (Octopode Fire Elementalist)  Turns: 9256, Time: 00:15:26

Health: -10/68     AC:  1    Str:  7    XL:     10   Next: 4%
Magic:  13/19      EV: 17    Int: 28    God:    Gozag
Gold:   459        SH:  0    Dex: 12    Spells: 8/21 levels left

rFire   . . .      SeeInvis .   r - +2 dagger (protect)
rCold   . . .      Faith    .   (no shield)
rNeg    + . .      Spirit   .   (helmet restricted)
rPois   .          Reflect  .   (no amulet)
rElec   .          Harm     .   a - +4 ring of evasion
rCorr   .          Rampage  .   k - ring of positive energy
Will    .....                   n - +6 ring of intelligence
Stlth   +++++.....              (no ring)
HPRegen 0.21/turn               (no ring)
MPRegen 0.16/turn               (no ring)
                                (no ring)
                                (no ring)

@: about to teleport, gold aura, very slightly contaminated
A: almost no armour, amphibious, 8 rings, camouflage 1, gelatinous body 1,
(nimble swimmer 1), tentacles
a: Renounce Religion, Potion Petition, Call Merchant, Bribe Branch


You were on level 8 of the Dungeon.
You worshipped Gozag.
Gozag was aware of your devotion.
You visited 2 branches of the dungeon, and saw 9 of its levels.
You also visited: Ossuary.

You collected 624 gold pieces.
You paid 165 gold pieces to Gozag.

Inventory:

Hand Weapons
 f - a +0 short sword
 r - a +2 dagger of protection (weapon)
Jewellery
 a - a +4 ring of evasion (left tentacle)
 k - a ring of positive energy (right tentacle)
 n - a +6 ring of intelligence (on tentacle)
Wands
 v - a wand of acid (2)
Scrolls
 j - 4 scrolls of teleportation
 l - 4 scrolls of enchant armour
 o - a scroll of vulnerability
 p - a scroll of magic mapping
 s - a scroll of silence
 w - 2 scrolls of fog {unknown}
 x - 2 scrolls of enchant weapon {unknown}
 y - a scroll of torment {unknown}
 B - a scroll of holy word
Potions
 b - 3 potions of lignification
 c - 2 potions of curing
 d - 3 potions of flight {unknown}
 e - a potion of haste {unknown}
 g - 2 potions of heal wounds {unknown}
 h - 2 potions of attraction {unknown}
 i - a potion of might {unknown}
 m - 3 potions of ambrosia {unknown}
 q - 2 potions of mutation {unknown}
 t - a potion of cancellation {unknown}
 u - 2 potions of degeneration {unknown}
 z - a potion of berserk rage {unknown}
 A - a potion of brilliance {unknown}


   Skills:
 * Level 5.9 Fighting
 + Level 1.4 Short Blades
 + Level 2.7 Dodging
 * Level 8.9 Stealth
 + Level 6.2 Spellcasting
 + Level 5.5 Conjurations
 + Level 7.0 Fire Magic
 + Level 0.7 Evocations


You had 8 spell levels left.
You knew the following spells:

 Your Spells              Type           Power      Damage    Failure   Level
a - Foxfire               Conj/Fire      100%       2x1d9     1%          1
b - Conjure Flame         Conj/Fire      44%        6-21      1%          3
c - Sticky Flame          Conj/Fire      44%        2d6       4%          4
d - Fireball              Conj/Fire      22%        3d10      12%         5

Your spell library contained the following spells:

 Spells                   Type           Power      Damage    Failure   Level
 Inner Flame              Hex/Fire       28%        N/A       4%          3
 Beastly Appendage        Tmut           16%        N/A       6%          1
 Freeze                   Ice            32%        1d5       6%          1
 Ignite Poison            Fire/Tmut/Pois 21%        N/A       7%          3
 Blink                    Tloc           N/A        N/A       9%          2
 Corpse Rot               Necr/Air       N/A        N/A       9%          2
 Wereblood                Tmut           8%         N/A       9%          2
 Mephitic Cloud           Conj/Pois/Air  19%        N/A       9%          3
 Frozen Ramparts          Ice            16%        1d3       19%         3
 Lesser Beckoning         Tloc           8%         N/A       19%         3
 Spider Form              Tmut/Pois      4%         N/A       19%         3
 Hailstorm                Conj/Ice       24%        3d7       19%         4
 Bolt of Magma            Conj/Fire/Erth 16%        4d9       28%         5
 Lightning Bolt           Conj/Air       12%        1d25      45%         5
 Airstrike                Air            4%         N/A       52%         4
 Dispel Undead            Necr           8%         3d8       52%         4
 Summon Lightning Spire   Summ/Air       8%         N/A       52%         4
 Manifold Assault         Tloc           8%         N/A       86%         5
 Death Channel            Necr           4%         N/A       100%        6


Dungeon Overview and Level Annotations

Branches:
Dungeon (8/15)             Temple (1/1) D:7         Ossuary (visited)
   Lair: D:8-11

Altars:
Ashenzari
Cheibriados
Elyvilon
Fedhas
Gozag
Hepliaklqana
Kikubaaqudgha
Makhleb
Nemelex Xobeh
Okawaru
Ru
Sif Muna
Trog
Vehumet
Wu Jian
Xom
Yredelemnul
Zin
Jiyva

Annotations:
D:8 3 runed translucent doors, Harold; siradein's ghost, novice HuBe


Innate Abilities, Weirdness & Mutations

You cannot wear most types of armour.
You are amphibious.
You can wear up to eight rings at the same time.
Your skin changes colour to match your surroundings (Stealth+).
Your rubbery body absorbs attacks. (AC +1, EV +1)
((You are camouflaged near water. (Stealth+)))
You have tentacles for arms and can constrict up to eight enemies at once.


Message History

Press: ? - help, Q - select action, (/) - cycle Dir - look around, f - activate You conjure some foxfire!
Harold the Weathered comes into view.
He is wielding a +0 glaive of venom.
The foxfire hits the howler monkey.
The howler monkey is severely wounded.
Casting: Foxfire (safe; 1% risk of failure)
Press: ? - help, Q - select action, (/) - cycle Dir - look around, f - activate You conjure some foxfire!
The howler monkey barely misses you.
The foxfire hits the howler monkey.
The howler monkey is almost dead.
The howler monkey barely misses you.
Unknown command.
Your foxfire dissipates!
The foxfire hits the howler monkey!
You kill the howler monkey!
Harold fires a harpoon shot at you. The harpoon shot hits you!
You are yanked forward by the harpoon shot.
Casting: Foxfire (safe; 1% risk of failure)
Confirm with . or Enter, or press ? or * to list all spells.
Aiming: Sticky Flame (dangerous; 4% risk of failure)
Press: ? - help, Shift-Dir - straight line, f - Harold
Aim: Harold, wielding a +0 glaive of venom, wearing a +0 scale mail and quivering a throwing net (100% to hit)
You miscast Sticky Flame.
You are very lightly contaminated with residual magic.
Nothing appears to happen.
Harold hits you with a +0 glaive of venom!!
You are lethally poisoned!
You hear a shout!
You feel better.
You hear a shout!
You hear a croak.
Harold hits you with a +0 glaive of venom!!
* * * LOW HITPOINT WARNING * * *
You hear a shout!
As you read the scroll of teleportation, it crumbles to dust.
You feel strangely unstable.
Harold hits you with a +0 glaive of venom!!
You die...
Your body crumbles into a pile of gold.

###.###
....... #.
....... ..
....... ##
####. .......
. ..#. .......
# #..
####@...... #
#.##$$@.......
# ##.
#.#.####.####
# #.. #..ยง# #
#..# ##.### #
#.#.# ##.## #
#.##.###..# #
#.# #.(.#.#
###.####.##.#
.........##.#


You could see Harold.

Vanquished Creatures
  A two-headed ogre (D:8)
  Pikel (D:7)
  Maggie (D:7)
  3 steam dragons
  A sky beast (D:5)
  An ice beast (D:8)
  A black bear (D:4)
  2 necrophages
  An ogre (D:5)
  A lemure (D:7)
  A phantom (D:6)
  A bullfrog (D:6)
  A gnoll sergeant (D:6)
  A scorpion (D:5)
  A howler monkey (D:8)
  2 jellies (D:5)
  Crazy Yiuf (D:4)
  2 orc priests (D:7)
  2 hounds
  Jessica (D:2)
  3 iguanas (D:5)
  2 orc wizards (D:4)
  13 mummies (Ossuary)
  13 gnolls
  A howler monkey skeleton (D:5)
  7 adders
  An ufetubus (D:5)
  An adder skeleton (D:4)
  3 worms
  17 orcs
  3 ball pythons
  6 endoplasms
  2 giant cockroaches (D:3)
  3 goblins
  4 hobgoblins
  2 jackals (D:2)
  A quokka (D:4)
  4 bats
  3 frilled lizards
  2 gnoll skeletons (Ossuary)
  2 goblin skeletons (Ossuary)
  6 kobolds
  2 kobold skeletons (Ossuary)
  2 orc skeletons (Ossuary)
  A rat (D:1)
  11 rat skeletons (Ossuary)
141 creatures vanquished.

Vanquished Creatures (others)
  596 foxfires
596 creatures vanquished.

Grand Total: 737 creatures vanquished

Notes
Turn   | Place    | Note
-------+----------+-------------------------------------------
     0 | D:1      | robertstho the Octopode Fire Elementalist began the quest
                  | for the Orb.
     0 | D:1      | Reached XP level 1. HP: 11/11 MP: 3/3
   394 | D:1      | Reached skill level 3 in Stealth
   586 | D:1      | Reached XP level 2. HP: 18/18 MP: 1/5
  1184 | D:2      | Found a faded altar of an unknown god.
  1264 | D:2      | Reached XP level 3. HP: 22/22 MP: 0/6
  1477 | D:2      | Noticed Jessica
  1478 | D:2      | Reached skill level 1 in Fighting
  1486 | D:2      | Killed Jessica
  1487 | D:2      | Reached XP level 4. HP: 28/28 MP: 0/7
  2178 | D:2      | Reached skill level 4 in Stealth
  2315 | D:2      | Learned a level 3 spell: Conjure Flame
  2320 | D:2      | Learned a level 4 spell: Sticky Flame
  2666 | D:3      | Reached XP level 5. HP: 33/33 MP: 4/8
  3214 | D:4      | Noticed a necrophage
  3214 | D:4      | Found a white marble altar of Elyvilon.
  3224 | D:4      | Killed a necrophage
  3225 | D:4      | Reached XP level 6. HP: 39/39 MP: 1/10
  3270 | D:4      | Found a sand-covered staircase.
  3275 | Ossuary  | Entered an ossuary
  4037 | Ossuary  | Reached skill level 5 in Stealth
  4404 | D:4      | Noticed a black bear
  4410 | D:4      | Killed a black bear
  4411 | D:4      | Reached XP level 7. HP: 45/45 MP: 4/12
  4731 | D:4      | Found a runed translucent door.
  4732 | D:4      | Noticed Crazy Yiuf
  5168 | D:4      | Killed Crazy Yiuf
  5289 | D:5      | Entered Level 5 of the Dungeon
  5585 | D:5      | Reached skill level 1 in Short Blades
  5846 | D:5      | Reached skill level 5 in Fire Magic
  5846 | D:5      | Reached XP level 8. HP: 54/54 MP: 10/14
  5885 | D:5      | Found a basalt altar of Yredelemnul.
  6254 | D:5      | Reached skill level 6 in Stealth
  6546 | D:5      | Learned a level 5 spell: Fireball
  7512 | D:7      | Reached skill level 7 in Stealth
  7612 | D:7      | Found a blossoming altar of Fedhas.
  7654 | D:7      | Found a staircase to the Ecumenical Temple.
  7654 | D:7      | Noticed Maggie
  7677 | D:7      | Killed Maggie
  7678 | D:7      | Reached skill level 5 in Spellcasting
  7678 | D:7      | Reached XP level 9. HP: 35/59 MP: 2/16
  7811 | Temple   | Entered the Ecumenical Temple
  7854 | Temple   | Became a worshipper of Gozag Ym Sagoz the Greedy
  7875 | D:7      | Noticed Pikel
  8034 | D:7      | Found a glowing silver altar of Zin.
  8217 | D:7      | Killed Pikel
  8218 | D:7      | Reached skill level 8 in Stealth
  8464 | D:7      | Reached skill level 5 in Fighting
  8595 | D:8      | Noticed siradein's ghost (novice HuBe)
  8595 | D:8      | Found a runed translucent gate.
  8595 | D:8      | Found a runed translucent gate.
  8595 | D:8      | Found a runed translucent gate.
  8595 | D:8      | Found a viscous altar of Jiyva.
  8650 | D:8      | Noticed a two-headed ogre
  8666 | D:8      | Killed a two-headed ogre
  8667 | D:8      | Reached skill level 5 in Conjurations
  8937 | D:8      | HP: 2/62 [something] (2)]
  8939 | D:8      | Reached XP level 10. HP: 13/68 MP: 11/19
  9213 | D:8      | Found a sparkling altar of Nemelex Xobeh.
  9249 | D:8      | Noticed Harold
  9256 | D:8      | Mangled by Harold

Illustrated notes

Levels and vault maps discovered:
D:1:      minmay_arrival_four_houses, layout_basic, serial_forest,
          infiniplex_forest_pool, infiniplex_forest_lined_room_2,
          infiniplex_forest_lined_corner, infiniplex_forest_clump_curved,
          infiniplex_forest_straight_2, infiniplex_forest_clump_small,
          infiniplex_forest_pool, infiniplex_forest_straight_4
D:2:      layout_rooms, shapermc_ecumenical_altar_starsandcircs, uniq_jessica
D:3:      layout_loops_cross, grunt_ministairs_13, chequers_serial_rivers_marsh,
          minivault_27, kennysheep_generic_room_7
D:4:      layout_basic, nicolae_overflow_crystal_walls, enter_ossuary_2,
          uniq_crazy_yiuf_cottage
D:5:      layout_loops_ring, amcnicky_altar_gilded, nicolae_zen_rock_garden
D:6:      layout_cave_pools
D:7:      lemuel_ice_spiral_2, layout_rooms, lemuel_crystal_altar,
          nicolae_overflow_hidden_temple, minmay_temple_entry_metal_lava,
          chequers_jeans, uniq_maggie, uniq_pikel
D:8:      layout_loops_ring, kennysheep_little_box, gammafunk_ghost_ooze,
          uniq_harold
Temple:   nicolae_temple_god_jail

Skill      XL: |  1  2  3  4  5  6  7  8  9 |
---------------+----------------------------+-----
Stealth        | 3 4 5 7 8 |  8.9
Fighting       | 1 2 3 4 5 |  5.9
Conjurations   | 2 3 4 5 |  5.5
Fire Magic     | 4 5 7 |  7.0
Spellcasting   | 3 4 5 6 |  6.2
Short Blades   | 1 |  1.4
Dodging        | |  2.7
Evocations     | |  0.7

Action                   |  1- 3 |  4- 6 |  7- 9 | 10-12 || total
-------------------------+-------+-------+-------+-------++-------
Melee: Unarmed           |     2 |       |       |       ||     2
       Tentacles         |     1 |     4 |       |       ||     5
       Short sword       |     2 |    23 |       |       ||    25
       Constrict         |       |    13 |     3 |       ||    16
       Dagger            |       |       |    12 |       ||    12
 Cast: Foxfire           |    48 |   125 |   186 |     3 ||   362
       Sticky Flame      |       |     3 |    18 |       ||    21
       Fireball          |       |       |     1 |       ||     1
Evoke: Wand              |       |       |     2 |       ||     2
  Use: Scroll            |       |     7 |     4 |     1 ||    12
       Potion            |       |       |     1 |     2 ||     3
 Stab: Sleeping          |       |     1 |       |       ||     1
Armor: Skin              |     1 |     1 |     4 |       ||     6
Dodge: Dodged            |     7 |    29 |    41 |     2 ||    79

Table legend: (Time is in decaauts)
 A = Elapsed time spent in this place.
 B = Non-inter-level travel time spent in this place.
 C = Inter-level travel time spent in this place.
 D = Time resting spent in this place.
 E = Time spent auto-exploring this place.
 F = Levels seen in this place.
 G = Mean time per level.
                   A        B        C        D        E       F      G
               +--------+--------+--------+--------+--------+-----+--------+
         Total |   9258 |   8948 |    310 |   1009 |   6594 |  10 |  925.8 |
       Dungeon |   8099 |   7800 |    299 |    795 |   5890 |   8 | 1012.4 |
        Temple |     53 |     43 |     10 |      0 |     24 |   1 |   53.0 |
       Ossuary |   1105 |   1105 |      0 |    214 |    680 |   1 | 1105.0 |
               +--------+--------+--------+--------+--------+-----+--------+

Top non-repeatable levels by time:
     D:5: 1415 daAuts
     D:3: 1121 daAuts
     D:7: 1118 daAuts
 Ossuary: 1105 daAuts
     D:1: 1049 daAuts
     D:2: 1043 daAuts
     D:4: 970 daAuts
     D:6: 846 daAuts
     D:8: 535 daAuts
  Temple: 53 daAuts
